 Dungeon Crawl Stone Soup version 0.31.0-9-g3a7656b989 (webtiles) character file.

Game seed: 4235475430616470091

278 qw the Skirmisher (level 6, 0/35 HPs)
             Began as a Deep Elf Hunter on Feb 2, 2024.
             Incinerated by a bombardier beetle (4 damage)
             ... with a burning spray
             ... on level 3 of the Dungeon.
             The game lasted 00:00:07 (2101 turns).

qw the Skirmisher (Deep Elf Hunter)                 Turns: 2101, Time: 00:00:07

Health: 0/35       AC:  3    Str: 10    XL:     6   Next: 5%
Magic:  8/8        EV: 13    Int: 14    God:
Gold:   71         SH:  0    Dex: 18    Spells: 5/5 levels left

rFire   . . .        a - +0 shortbow
rCold   . . .        (shield currently unavailable)
rNeg    . . .        c - +0 leather armour
rPois   .            (no helmet)
rElec   .            (no cloak)
rCorr   .            (no gloves)
SInv    .            (no boots)
Will    .....        (no amulet)
Stlth   +            (no ring)
HPRegen 0.25/turn    (no ring)
MPRegen 0.11/turn

%: no passive effects
@: on fire, glowing
A: no striking features
a: no special abilities


You were on level 3 of the Dungeon.
You visited 1 branch of the dungeon, and saw 3 of its levels.

You collected 71 gold pieces.


   Skills:
 + Level 1.7 Fighting
 - Level 9.3 Ranged Weapons
 - Level 3.1 Dodging
 - Level 1.2 Stealth


You had 5 spell levels left.
You didn't know any spells.
Your spell library was empty.

Inventory:

Hand Weapons
 a - a +0 shortbow (weapon)
Armour
 c - a +0 leather armour (worn)
Scrolls
 b - a scroll of fog {unknown}
 f - a scroll of identify
Potions
 d - 2 potions of curing
 e - a potion of mutation

Dungeon Overview and Level Annotations

Branches:
Dungeon (3/15)

Altars:
Trog


Message History

The bombardier beetle bites you.
You shoot an arrow.
The arrow barely misses the bombardier beetle.
The bombardier beetle sprays incendiary fluid at you.
The burning spray hits you.
You are covered in liquid fire!
You shoot an arrow.
The arrow barely misses the bombardier beetle.
The liquid fire burns you!
You shoot an arrow.
The arrow barely misses the bombardier beetle.
The liquid fire burns you!
The bombardier beetle sprays incendiary fluid at you.
The burning spray misses you.
You shoot an arrow. The arrow hits the bombardier beetle.
The bombardier beetle is heavily wounded.
The liquid fire burns you!
You shoot an arrow. The arrow hits the bombardier beetle.
The bombardier beetle is severely wounded.
The liquid fire burns you!
The bombardier beetle bites you but does no damage.
You shoot an arrow.
The arrow barely misses the bombardier beetle.
The liquid fire burns you!
You shoot an arrow. The arrow hits the bombardier beetle.
The bombardier beetle is almost dead.
The liquid fire burns you!
The bombardier beetle sprays incendiary fluid at you.
The burning spray misses you.
You shoot an arrow.
The arrow barely misses the bombardier beetle.
The liquid fire burns you!
The bombardier beetle barely misses you.
You shoot an arrow.
The arrow barely misses the bombardier beetle.
The liquid fire burns you!
You shoot an arrow. The arrow hits the bombardier beetle!
You kill the bombardier beetle!
The liquid fire burns you!
You die...

.#.#.#....##........#
.#.#.###'###........#
.......#.# #........#
.....###.#
#........#########.
.#.#.....#
#..................
.#.#...###
##+#+#+####.##########
##.#...#
#.#.#..............
...#...#
####.#.#.#.##.#########.
####...#
#......@.......########.
..##...#
#.##.#.#.#............#.
#.######
#!#.#####.######.#. #
#.#........# #.#. ###
#.########.# #.#. ..# #
#. #.#####.#. ..## #.#
#. #....%....
..)#####...# ..
#######.## .#..........
#.#


There were no monsters in sight!

Vanquished Creatures
  Sigmund (D:3)
  A bombardier beetle (D:3)
  Natasha (D:3)
  3 adders
  2 dart slugs
  3 ribbon worms
  5 bats
  7 endoplasms
  2 giant cockroaches (D:3)
  6 goblins
  8 hobgoblins
  3 jackals (D:3)
  2 ball pythons
  2 frilled lizards
  8 kobolds
  2 rats
56 creatures vanquished.

Vanquished Creatures (others)
  An arcanist (D:3)
1 creature vanquished.

Grand Total: 57 creatures vanquished

Notes
Turn   | Place    | Note
-------+----------+-------------------------------------------
     0 | D:1      | qw the Deep Elf Hunter began the quest for the Orb.
     0 | D:1      | Reached XP level 1. HP: 12/12 MP: 3/3
     0 | D:1      | 0 ||| qw: Version: 0.3-a-155-g5e7d8dd
     0 | D:1      | 0 ||| qw: Game counter: 963
     0 | D:1      | 0 ||| qw: Melee chars always use a shield: true
     0 | D:1      | 0 ||| qw: God list: Okawaru
     0 | D:1      | 0 ||| qw: Allow faded altars: false
     0 | D:1      | 0 ||| qw: Do Orc after clearing Dungeon:15 true
     0 | D:1      | 0 ||| qw: Do second Lair branch before Depths: true
     0 | D:1      | 0 ||| qw: Lair rune preference: random
     0 | D:1      | 0 ||| qw: Goals: Normal
     0 | D:1      | 0 ||| PLANNING D:1-11
   183 | D:1      | Reached XP level 2. HP: 16/16 MP: 4/4
   197 | D:1      | Reached skill level 6 in Ranged Weapons
   332 | D:1      | Found a faded altar of an unknown god.
   795 | D:1      | 795 ||| READING scroll labelled XEG ASOTUXKUSH.
   796 | D:1      | 796 ||| READING scroll labelled YMEP MOLEEZY.
   797 | D:1      | 797 ||| READING scroll labelled EMAATW ANYQ.
   797 | D:1      | 797 ||| IDENTIFYING 2 brown potions
   798 | D:1      | 798 ||| DRINKING 3 lumpy yellow potions.
   799 | D:1      | 799 ||| DROPPING scroll of butterflies.
   800 | D:1      | 800 ||| DROPPING 2 potions of degeneration.
   802 | D:1      | 802 ||| Stepping ~*~*~tactically~*~*~ (cloud).
   803 | D:1      | 803 ||| DRINKING 2 potions of curing.
   803 | D:1      | 803 ||| (to cure poison)
   872 | D:2      | Reached XP level 3. HP: 20/20 MP: 5/5
   985 | D:2      | Reached skill level 7 in Ranged Weapons
  1579 | D:2      | 1579 ||| READING scroll of identify.
  1579 | D:2      | 1579 ||| IDENTIFYING smoky emerald potion
  1580 | D:2      | 1580 ||| READING scroll labelled XIULE OSSYELUG.
  1769 | D:3      | Reached XP level 4. HP: 25/25 MP: 6/6
  1781 | D:3      | Noticed Sigmund
  1787 | D:3      | Killed Sigmund
  1788 | D:3      | Reached skill level 9 in Ranged Weapons
  1788 | D:3      | Reached XP level 5. HP: 28/29 MP: 7/7
  1925 | D:3      | Noticed Natasha
  1933 | D:3      | Killed Natasha
  1934 | D:3      | Reached skill level 3 in Dodging
  1935 | D:3      | Reached XP level 6. HP: 22/35 MP: 8/8
  2037 | D:3      | Found a bloodstained altar of Trog.
  2038 | D:3      | Noticed a wizard
  2044 | D:3      | Killed a wizard
  2099 | D:3      | HP: 7/35 [burnt (3)]
  2100 | D:3      | HP: 3/35 [burnt (4)]
  2101 | D:3      | Incinerated by a bombardier beetle

Levels and vault maps discovered:
D:1:      saegor_arrival_simple_c, layout_basic, shapermc_ecumenical_altar_venn,
          minmay_3d_cube
D:2:      layout_basic
D:3:      layout_basic, trog_wizard, serial_shops, shop, grunt_ministairs_2,
          uniq_jessica, uniq_natasha, uniq_sigmund

Skill      XL: |  1  2  3  4  5 |
---------------+----------------+-----
Ranged Weapons | 6 7 9 |  9.3
Dodging        | 3 |  3.1
Fighting       | |  1.7
Stealth        | |  1.2

Action                     |  1- 3 |  4- 6 || total
---------------------------+-------+-------++-------
   Fire: Shortbow          |   120 |    68 ||   188
    Use: Scroll            |     5 |       ||     5
         Potion            |     2 |       ||     2
 Armour: Leather armour    |    10 |    19 ||    29
  Dodge: Dodged            |    22 |    21 ||    43

Table legend:
 A = Non-vault XP
 B = Vault XP
 C = Vault XP percentage of total XP
 D = Non-vault monster count
 E = Vault monster count
 F = Vault count percentage of total count
                 A         B        C        D         E       F
            +---------+---------+-------+---------+---------+-------
      Total |     182 |     264 |  59.2 |      51 |       5 |   8.9
            +---------+---------+-------+---------+---------+-------
        D:1 |      33 |       5 |  13.2 |      17 |       3 |  15.0
        D:2 |      49 |       0 |   0.0 |      15 |       0 |   0.0
        D:3 |     100 |     259 |  72.1 |      19 |       2 |   9.5
            +---------+---------+-------+---------+---------+-------
